 Dungeon Crawl Stone Soup version 0.30-a0-322-g102857c98e (webtiles) character file.

Game seed: 2090164223861869358

152 koil the Shooter (level 5, -1/27 HPs)
             Began as a Spriggan Hunter on Oct 27, 2022.
             Slain by an ogre
             ... wielding a +0 giant club
              (28 damage)
             ... on level 4 of the Dungeon.
             The game lasted 00:04:14 (1761 turns).

koil the Shooter (Spriggan Hunter)                  Turns: 1761, Time: 00:04:15

Health: -1/27      AC:  4    Str:  7    XL:     5   Next: 11%
Magic:  9/9        EV: 19    Int: 11    God:
Gold:   237        SH:  0    Dex: 20    Spells: 8/8 levels left

rFire   . . .      SeeInvis +    a - +0 shortbow
rCold   . . .      Faith    .    (shield currently unavailable)
rNeg    . . .      Spirit   .    k - +2 robe {Will+}
rPois   .          Reflect  .    (helmet restricted)
rElec   .          Harm     .    (no cloak)
rCorr   .          Rampage  .    (gloves unavailable)
Will    +....                    (boots unavailable)
Stlth   +++.......               (no amulet)
HPRegen 0.24/turn                (no ring)
MPRegen 0.11/turn                (no ring)

@: very quick
A: very small, no large weapons, unfitting armour, see invisible, speed 3
a: no special abilities


You were on level 4 of the Dungeon.
You visited 1 branch of the dungeon, and saw 4 of its levels.

You collected 237 gold pieces.

Inventory:

Hand Weapons
 a - a +0 shortbow (weapon)
 b - a +2 dagger of speed
Missiles
 l - 4 poisoned darts
Armour
 c - a +0 robe
 k - a +2 robe of willpower (worn)
Scrolls
 d - 7 scrolls of identify {unknown}
 e - a scroll of vulnerability {unknown}
 h - a scroll of butterflies {unknown}
 j - a scroll of acquirement {unknown}
 m - 2 scrolls of teleportation {unknown}
 n - a scroll of enchant weapon {unknown}
 o - 2 scrolls of magic mapping {unknown}
 p - a scroll of blinking {unknown}
 q - a scroll of immolation
 r - a scroll of brand weapon {unknown}
Potions
 f - 2 potions of ambrosia {unknown}
 g - a potion of haste {unknown}
 i - a potion of attraction {unknown}
 s - a potion of brilliance {unknown}


   Skills:
 + Level 2.4 Fighting
 + Level 4.5 Ranged Weapons
 + Level 3.9 Dodging
 + Level 3.7 Stealth
 + Level 2.2 Spellcasting


You had 8 spell levels left.
You didn't know any spells.
Your spell library was empty.

Dungeon Overview and Level Annotations

Branches:
Dungeon (4/15)
 Temple: D:4-7

Altars:
Gozag
Hepliaklqana
Wu Jian


Innate Abilities, Weirdness & Mutations

You are very small and have problems with some larger weapons.
You are too small for most types of armour.
You have supernaturally acute eyesight. (SInv)
You cover ground extremely quickly. (Speed+++)


Message History

There is a stone staircase leading down here.
You climb downwards.
You hear the sound of rushing water.
There is an entrance to a sewer on this level.
Hurry and find it before the portal rusts away!
Found a fizzy inky potion.
There is a stone staircase leading up here.
s - a fizzy inky potion
o - 2 scrolls labelled YLASTR PEMNO AMUOL (gained 1)
A giant cockroach and a quokka come into view.
Found a stone staircase leading up.
You shoot an arrow. The arrow hits the quokka!
You kill the quokka!
You shoot an arrow.
The arrow closely misses the giant cockroach.
You shoot an arrow. The arrow hits the giant cockroach.
You kill the giant cockroach!
No target in view!
No target in view!
An ogre comes into view. It is wielding a +0 giant club.
You see here 13 gold pieces.
You shoot an arrow.
The arrow hits the ogre but does no damage.
No target in view!
No target in view!
No target in view!
You shoot an arrow. The arrow hits the ogre!
The ogre is moderately wounded.
You shoot an arrow.
The arrow hits the ogre but does no damage.
The ogre is moderately wounded.
You shoot an arrow. The arrow barely misses the ogre.
You shoot an arrow. The arrow hits the ogre!
The ogre is severely wounded.
You shoot an arrow. The arrow hits the ogre.
The ogre is severely wounded.
You shoot an arrow. The arrow hits the ogre.
The ogre is severely wounded.
The ogre hits you with a +0 giant club!!
Ouch! That really hurt!
You die...

.. #...# #.#<# #.?.#
#.#.# #...# #.#.#
#...# ###.#.####...#
.............#
#....O@....#######
##..........#.....#
#.†.$...#..##.###.#
.................# #.#
...#.............###.#
. ###...###..##.....#
#...# #..###..###
...$......# #..####
...........# #.....#


You could see an ogre.

Vanquished Creatures
  4 gnolls (D:2)
  5 adders
  An ufetubus (D:3)
  A worm (D:3)
  2 dart slugs
  An orc (D:3)
  5 bats
  6 endoplasms
  3 giant cockroaches
  5 hobgoblins
  4 quokkas
  4 ball pythons
  3 frilled lizards
  6 goblins
  2 kobolds
  6 rats
58 creatures vanquished.

Vanquished Creatures (others)
  A plant (D:2)
1 creature vanquished.

Grand Total: 59 creatures vanquished

Notes
Turn   | Place    | Note
-------+----------+-------------------------------------------
     0 | D:1      | koil the Spriggan Hunter began the quest for the Orb.
     0 | D:1      | Reached XP level 1. HP: 10/10 MP: 2/2
   170 | D:1      | Reached XP level 2. HP: 15/15 MP: 3/3
   353 | D:1      | Reached skill level 1 in Spellcasting
   673 | D:2      | Reached XP level 3. HP: 18/18 MP: 5/5
   855 | D:2      | Reached XP level 4. HP: 17/23 MP: 7/7
  1446 | D:3      | Found an ornate altar of the Wu Jian Council.
  1479 | D:3      | Found a hazy altar of Hepliaklqana.
  1486 | D:3      | Reached XP level 5. HP: 27/27 MP: 9/9
  1574 | D:3      | Found an opulent altar of Gozag.
  1751 | D:4      | Noticed an ogre
  1761 | D:4      | Slain by an ogre

Illustrated notes

Levels and vault maps discovered:
D:1:      psy_arrival_statuary, layout_basic, grunt_decor_cap
D:2:      layout_rooms, guppyfry_early_lair_pool
D:3:      layout_basic, grunt_gozag_breadcrumbs, nzn_wu_jian_council_hall,
          mainiacjoe_overflow_boulevard
D:4:      layout_loops_ring, lightli_sewer_entry_pipes

Skill      XL: |  1  2  3  4 |
---------------+-------------+-----
Stealth        | 2 3 |  3.7
Dodging        | 3 |  3.9
Spellcasting   | 1 2 |  2.2
Fighting       | 2 |  2.4
Ranged Weapons | |  4.5

Action                   |  1- 3 |  4- 6 || total
-------------------------+-------+-------++-------
 Fire: Shortbow          |    72 |    97 ||   169
Armor: Robe              |     5 |     4 ||     9
Dodge: Dodged            |    30 |    15 ||    45

Table legend: (Time is in decaauts)
 A = Elapsed time spent in this place.
 B = Non-inter-level travel time spent in this place.
 C = Inter-level travel time spent in this place.
 D = Time resting spent in this place.
 E = Time spent auto-exploring this place.
 F = Levels seen in this place.
 G = Mean time per level.
                   A        B        C        D        E       F      G
               +--------+--------+--------+--------+--------+-----+--------+
         Total |   1235 |   1186 |     49 |      0 |    862 |   4 |  308.8 |
       Dungeon |   1235 |   1186 |     49 |      0 |    862 |   4 |  308.8 |
               +--------+--------+--------+--------+--------+-----+--------+

Top non-repeatable levels by time:
     D:1: 447 daAuts
     D:2: 378 daAuts
     D:3: 372 daAuts
     D:4: 37 daAuts
